 Dungeon Crawl Stone Soup version 0.25.1-8-g42b30a86e7 (webtiles) character file.

Game seed: 5238430044563704513

43 Clowwww the Skirmisher (level 3, 0/29 HPs)
             Began as a Demonspawn Fighter on Dec 20, 2020.
             Slain by an adder (4 damage)
             ... on level 2 of the Dungeon.
             The game lasted 00:02:46 (1149 turns).

Clowwww the Skirmisher (Demonspawn Fighter)         Turns: 1149, Time: 00:02:47

Health: 0/29       AC:  8    Str: 17    XL:     3   Next: 37%
Magic:  3/3        EV:  7    Int:  9    God:
Gold:   50         SH:  9    Dex: 12    Spells: 2/2 levels left

rFire    . . .     SeeInvis .   a - +0 war axe
rCold    . . .     Gourm    .   c - +0 kite shield
rNeg     . . .     Faith    .   b - +0 scale mail
rPois    .         Spirit   .   (no helmet)
rElec    .         Reflect  .   (no cloak)
rCorr    .         Harm     .   (no gloves)
MR       .....                  (no boots)
Stlth    ..........             (no amulet)
HPRegen  0.09/turn              (no ring)
MPRegen  0.08/turn              (no ring)

@: mighty, lethally poisoned (0 -> -2)
A: icy blue scales 1
a: no special abilities


You were on level 2 of the Dungeon.
You were not hungry.

You visited 1 branch of the dungeon, and saw 2 of its levels.

You collected 50 gold pieces.

Inventory:

Hand Weapons
 a - a +0 war axe (weapon)
Armour
 b - a +0 scale mail (worn)
 c - a +0 kite shield (worn)
Scrolls
 e - 2 scrolls of enchant weapon {unknown}
 h - 4 scrolls of remove curse {unknown}
 i - a scroll of enchant armour {unknown}
 l - a scroll of magic mapping {unknown}
Potions
 g - a potion of haste {unknown}
 j - a potion of flight {unknown}
Comestibles
 f - 2 rations
 k - 6 chunks of flesh


   Skills:
 + Level 3.4 Fighting
 + Level 2.2 Axes
 + Level 2.9 Armour
 + Level 0.1 Dodging
 + Level 3.2 Shields


You had 2 spell levels left.
You didn't know any spells.
Your spell library was empty.

Dungeon Overview and Level Annotations

Branches:
Dungeon (2/15)

Altars:
Ashenzari


Innate Abilities, Weirdness & Mutations

You are partially covered in icy blue scales. (AC +2)


Message History

You see here a leopard gecko corpse.
You feel sick. The bat hits you but does no damage. The bat barely misses you.
You aren't carrying any items that you can evoke.
You hit the bat.
You kill the bat!
The adder closely misses you.
You barely miss the adder.
The adder bites you but does no damage. x2
You miss the adder.
You feel sick. The adder bites you.
* * * LOW HITPOINT WARNING * * *
The adder bites you but does no damage.
You closely miss the adder. You block the adder's attack.
The adder bites you but does no damage.
You closely miss the adder.
You feel sick. You block the adder's attack. The adder barely misses you.
You feel very mighty all of a sudden. The adder barely misses you.
You hit the adder.
The adder is heavily wounded.
The adder bites you.
You die...

#.# ### # #.# #.. ##.
.#$ #.# #.# #.# ...
#.# #.# ..# #.# ..#
#.# #.# #.# #.#
#.######.# #.# # #.##
#......#.# #.###.###.
.^.##
#.####.#.###.........
.#..####.#
#...@SSS.......#
###÷...).#
###.####........
.#._###..# #...
.........
..÷÷#....####
######........
.#..........#
#........
#...........#
#........
#####.#..##...
.........
÷.............
#........
#####.#######.


You could see 3 adders.

Vanquished Creatures
  An adder (D:2)
  A worm (D:2)
  3 leopard geckos
  2 ball pythons
  3 goblins
  4 hobgoblins
  4 bats
  2 frilled lizards (D:2)
  4 kobolds (D:1)
  2 rats (D:2)
26 creatures vanquished.

Vanquished Creatures (others)
  A kobold (D:1)
  4 toadstools (D:1)
5 creatures vanquished.

Grand Total: 31 creatures vanquished

Notes
Turn   | Place    | Note
-------+----------+-------------------------------------------
     0 | D:1      | Clowwww the Demonspawn Fighter began the quest for the Orb.
     0 | D:1      | Reached XP level 1. HP: 18/18 MP: 1/1
   380 | D:1      | Gained mutation: You are partially covered in icy blue
                  | scales. (AC +2) [demonic ancestry]
   380 | D:1      | Reached XP level 2. HP: 24/24 MP: 2/2
   925 | D:2      | Found a shattered altar of Ashenzari.
   943 | D:2      | Reached XP level 3. HP: 2/29 MP: 3/3
  1149 | D:2      | Slain by an adder

Illustrated notes

Levels and vault maps discovered:
D:1:      ldierk_walled_garden_2, layout_basic, lemuel_flame_loot_1
D:2:      layout_loops_ring, overflow_temple_1_default,
          chequers_ecumenical_altar_simple_redux

Skill      XL: |  1  2 |
---------------+-------+-----
Shields        | 3 |  3.2
Axes           | 2 |  2.2
Fighting       | |  3.4
Armour         | |  2.9
Dodging        | |  0.1

Action                   || total
-------------------------++-------
Melee: War axe           ||    86
  Use: Potion            ||     2
  Eat: Chunk             ||     1
Armor: Scale mail        ||    71
Dodge: Dodged            ||    38
Block: Kite shield       ||    60
